 Dungeon Crawl Stone Soup version 0.30-a0-4-ga7cffc901d (webtiles) character file.

Game seed: 8888835482204011072

1186 ytrimaz the Insei (level 8, -3/61 HPs)
             Began as a Demonspawn Transmuter on Aug 22, 2022.
             Was a Follower of Makhleb.
             Slain by a hound (6 damage)
             ... on level 6 of the Dungeon.
             The game lasted 00:07:10 (6131 turns).

ytrimaz the Insei (Demonspawn Transmuter)           Turns: 6131, Time: 00:07:11

Health: -3/61      AC:  1    Str:  9 (11) XL:     8   Next: 19%
Magic:  11/11      EV: 12    Int: 15 (16) God:    Makhleb [*.....]
Gold:   266        SH:  5    Dex: 12 (14) Spells: 8/11 levels left

rFire   + . .      SeeInvis .      - Unarmed
rCold   . . .      Faith    .    (no shield)
rNeg    . . .      Spirit   .    a - +1 robe
rPois   .          Reflect  +    (helmet restricted)
rElec   .          Harm     .    (no cloak)
rCorr   .          Rampage  .    (no gloves)
Will    .....                    (no boots)
Stlth   +.........               o - amulet of reflection
HPRegen 0.20/turn                n - ring of protection from fire
MPRegen 0.12/turn                (no ring)

@: corroded
A: antennae 1, slimy green scales 1, ignite blood 1, powered by death 1,
deterioration 1, evolution 1
a: Renounce Religion


You were on level 6 of the Dungeon.
You worshipped Makhleb.
Makhleb was aware of your devotion.
You visited 2 branches of the dungeon, and saw 7 of its levels.

You collected 266 gold pieces.

Inventory:

Armour
 a - a +1 robe (worn)
 e - an orb of mayhem
 j - a +0 pair of boots
Jewellery
 i - a ring of ice
 k - a ring of fire
 n - a ring of protection from fire (left hand)
 o - an amulet of reflection (around neck)
 q - a ring of ice
Wands
 s - a wand of polymorph (10)
Scrolls
 c - 2 scrolls of teleportation
 l - 2 scrolls of vulnerability
 m - 4 scrolls of enchant armour
 p - a scroll of identify
 r - a scroll of poison
Potions
 d - a potion of berserk rage {unknown}
 f - a potion of heal wounds {unknown}
 h - a potion of curing


   Skills:
 * Level 4.9 Fighting
 - Level 1.7 Dodging
 + Level 2.1 Shields
 + Level 7.8 Unarmed Combat
 - Level 2.0 Spellcasting
 - Level 1.7 Transmutations


You had 8 spell levels left.
You knew the following spells:

 Your Spells              Type           Power      Damage    Failure   Level
a - Beastly Appendage     Tmut           12%        N/A       11%         1
b - Wereblood             Tmut           6%         N/A       16%         2

Your spell library contained the following spells:

 Spells                   Type           Power      Damage    Failure   Level
 Passwall                 Tmut/Erth      3%         N/A       24%         2
 Ensorcelled Hibernation  Hex/Ice        2%         N/A       32%         2
 Spider Form              Tmut/Pois      4%         N/A       43%         3
 Ozocubu's Armour         Ice            1%         N/A       54%         3
 Swiftness                Air            1%         N/A       54%         3
 Ice Form                 Ice/Tmut       4%         N/A       83%         4
 Metabolic Englaciation   Hex/Ice        0%         N/A       99%         5
 Simulacrum               Ice/Necr       0%         N/A       100%        6


Dungeon Overview and Level Annotations

Branches:
Dungeon (6/15)             Temple (1/1) D:5

Altars:
Ashenzari
Cheibriados
Dithmenos
Fedhas
Gozag
Hepliaklqana
Kikubaaqudgha
Makhleb
Nemelex Xobeh
Okawaru
Ru
Trog
Uskayaw
Xom

Annotations:
D:3 1 runed translucent door, Crazy Yiuf


Innate Abilities, Weirdness & Mutations

You have a pair of small antennae on your head.
You are partially covered in slimy green scales. (AC +2)
Your demonic aura sometimes causes spilled blood to erupt in flames.
You regenerate a little health from kills.
Your body sometimes deteriorates upon taking damage.
You have hidden genetic potential.


Message History

The jelly is heavily wounded.
The jelly barely misses you. The orc barely misses you. x2
Unknown command.
You hit the jelly. The acid corrodes you!
Your hands burn!
You punch the jelly.
The jelly is severely wounded.
The orc hits you with a +0 short sword. The orc closely misses you.
You block the jelly's attack.
You hit the jelly.
Your hands burn!
The jelly is almost dead.
You block the jelly's attack. The orc closely misses you.
The orc barely misses you.
Unknown command.
You hit the jelly.
You kill the jelly!
Makhleb accepts your kill.
Unknown command.
The orc hits you with a +0 mace.
* * * LOW HITPOINT WARNING * * *
You hit the orc but do no damage. The orc barely misses you.
The orc hits you with a +0 short sword.
* * * LOW HITPOINT WARNING * * *
Unknown command.
You closely miss the orc. The orc closely misses you.
The orc hits you with a +0 short sword.
* * * LOW HITPOINT WARNING * * *
Unknown command.
You feel better. The orc hits you with a +0 short sword.
* * * LOW HITPOINT WARNING * * *
The orc closely misses you. The orc hits you but does no damage.
The orc attacks as you move away! The orc hits you with a +0 short sword.
* * * LOW HITPOINT WARNING * * *
As you read the scroll of teleportation, it crumbles to dust.
You feel strangely unstable. The orc hits you with a +0 mace!
* * * LOW HITPOINT WARNING * * *
The orc attacks as you move away! The orc barely misses you.
Your surroundings suddenly seem different.
A hound comes into view.
The hound bites you.
You die...

*,,* **,,,,***,,* *,,**, **,**
*,,,,,,**..# **,,*#. *,,**
*,,,,,,,#..# **,,*##.
*,,,***,,,,,,,...####**,,,*#..
***,,,*,,,,,,,,.......,,,,**#..
**,,,,,,,,,,,,,,.......,,,,**#..
**,,,**,,,*******.......,,,>**...
,,,****,,** ##......#**,,,,...
,,** **,,*** #@h.#,,,,,,,,,,,..
,,****,,,,,** *#..##***,,,,,,,,.#
,,,,,,,,,,,,***..## ***,,,,,,..
,,,,,,,,*,,,,,#..# **,,,,,..
,,,*,,,,***,,,..## *,,,,*##
,****,,** **,...* *,,,,** ** *,,*
*,,...* *,,,,,* *,,****,..#.**
*,,,,,** **,,*,,,***,,* **,,,,,,,


You could see a hound.

Vanquished Creatures
  Edmund (D:4)
  A black bear (D:5)
  An ice beast (D:6)
  2 ogres (D:5)
  A centaur (D:5)
  2 kobold brigands (D:5)
  A scorpion (D:5)
  A howler monkey (D:5)
  A jelly (D:6)
  2 hounds
  An iguana (D:5)
  2 orc wizards
  3 gnolls (D:4)
  7 adders
  2 ufetubi
  2 worms
  2 dart slugs
  12 orcs
  8 endoplasms
  15 hobgoblins
  18 jackals
  13 kobolds
  5 quokkas
  4 ball pythons
  5 bats
  4 frilled lizards
  6 goblins
  7 rats
129 creatures vanquished.

Vanquished Creatures (others)
  3 orcs (D:5)
  2 kobolds (D:5)
5 creatures vanquished.

Grand Total: 134 creatures vanquished

Notes
Turn   | Place    | Note
-------+----------+-------------------------------------------
     0 | D:1      | ytrimaz the Demonspawn Transmuter began the quest for the
                  | Orb.
     0 | D:1      | Reached XP level 1. HP: 15/15 MP: 3/3
   213 | D:1      | Reached skill level 3 in Unarmed Combat
   315 | D:1      | Gained mutation: You are partially covered in slimy green
                  | scales. (AC +2) [demonic ancestry]
   315 | D:1      | Reached XP level 2. HP: 20/21 MP: 3/5
   981 | D:1      | Learned a level 2 spell: Wereblood
  1262 | D:2      | Gained mutation: You regenerate a little health from kills.
                  | [demonic ancestry]
  1262 | D:2      | Reached XP level 3. HP: 11/27 MP: 4/6
  1689 | D:2      | Reached skill level 4 in Unarmed Combat
  1689 | D:2      | Reached XP level 4. HP: 28/33 MP: 5/7
  1692 | D:2      | Identified the +2 hand axe "Yret" {freeze, rCorr Int+2
                  | Stlth-}
  2366 | D:3      | Found a faded altar of an unknown god.
  2389 | D:3      | Reached XP level 5. HP: 13/39 MP: 8/8
  2637 | D:3      | Found a runed translucent door.
  2638 | D:3      | Noticed Crazy Yiuf
  3010 | D:4      | Found a burning altar of Makhleb.
  3010 | D:4      | Found an iron altar of Okawaru.
  3013 | D:4      | Found a hazy altar of Hepliaklqana.
  3101 | D:4      | Became a worshipper of Makhleb the Destroyer
  3154 | D:4      | Noticed Edmund
  3163 | D:4      | Killed Edmund
  3164 | D:4      | Reached skill level 5 in Unarmed Combat
  3164 | D:4      | Gained mutation: You have a pair of small antennae on your
                  | head. [demonic ancestry]
  3164 | D:4      | Reached XP level 6. HP: 47/47 MP: 9/9
  3897 | D:5      | Entered Level 5 of the Dungeon
  4117 | D:5      | Reached skill level 6 in Unarmed Combat
  4244 | D:5      | Gained mutation: Your demonic aura sometimes causes spilled
                  | blood to erupt in flames. [demonic ancestry]
  4244 | D:5      | Reached XP level 7. HP: 20/54 MP: 10/10
  4560 | D:5      | Identified the +2 mace of Hucsybra {freeze, *Rage rElec rN+
                  | Dex+3}
  5017 | D:5      | Reached skill level 1 in Shields
  5139 | D:5      | Reached skill level 7 in Unarmed Combat
  5229 | D:5      | Gained mutation: Your body sometimes deteriorates upon
                  | taking damage. [potion of mutation]
  5229 | D:5      | Gained mutation: You have hidden genetic potential. [potion
                  | of mutation]
  5234 | D:5      | Reached * piety under Makhleb
  5435 | D:5      | Reached XP level 8. HP: 53/61 MP: 11/11
  5618 | D:5      | Found a staircase to the Ecumenical Temple.
  5631 | Temple   | Entered the Ecumenical Temple
  6106 | D:6      | Found a hide-covered altar of Uskayaw.
  6127 | D:6      | HP: 2/61 [orc/+0 mace (7)]
  6131 | D:6      | Slain by a hound

Illustrated notes

Levels and vault maps discovered:
D:1:      dpeg_arrival_rooms_b, layout_loops_cross,
          kennysheep_decorative_pillar, minmay_misc_feat_rugged
D:2:      layout_rooms
D:3:      layout_rooms, ebering_ecumenical_altar_hall, uniq_crazy_yiuf_cottage
D:4:      layout_basic, minitemple, uniq_edmund
D:5:      cheibrodos_thug_alley, layout_gridville, lemuel_temple_firewalk_a
D:6:      layout_layer_cave, mainiacjoe_overflow_brackets,
          cheibrodos_sewer_entry_bend
Temple:   oiseaux_autumnal_temple

Skill      XL: |  1  2  3  4  5  6  7  8 |
---------------+-------------------------+-----
Unarmed Combat | 3 4 5 6 7 |  7.8
Fighting       | 2 3 4 |  4.9
Shields        | 1 2 |  2.1
Dodging        | |  1.7
Spellcasting   | |  2.0
Transmutations | |  1.7

Action                   |  1- 3 |  4- 6 |  7- 9 || total
-------------------------+-------+-------+-------++-------
Melee: Unarmed           |    93 |   199 |   153 ||   445
       Kick              |    24 |    20 |     6 ||    50
       Headbutt          |    12 |    14 |       ||    26
       Punch             |     1 |     4 |     6 ||    11
 Cast: Beastly Appendage |    28 |    31 |     7 ||    66
  Use: Scroll            |     1 |     6 |     5 ||    12
       Potion            |       |     3 |     6 ||     9
 Stab: Sleeping          |     1 |       |       ||     1
Armor: Robe              |    18 |    75 |    38 ||   131
       Skin              |       |     2 |       ||     2
Dodge: Dodged            |    52 |   134 |   112 ||   298
Block: Other             |       |    12 |    46 ||    58
       Reflection        |       |       |     1 ||     1

Table legend: (Time is in decaauts)
 A = Elapsed time spent in this place.
 B = Non-inter-level travel time spent in this place.
 C = Inter-level travel time spent in this place.
 D = Time resting spent in this place.
 E = Time spent auto-exploring this place.
 F = Levels seen in this place.
 G = Mean time per level.
                   A        B        C        D        E       F      G
               +--------+--------+--------+--------+--------+-----+--------+
         Total |   6096 |   5878 |    218 |    213 |   4481 |   7 |  870.9 |
       Dungeon |   5765 |   5580 |    185 |    213 |   4197 |   6 |  960.8 |
        Temple |    331 |    298 |     33 |      0 |    283 |   1 |  331.0 |
               +--------+--------+--------+--------+--------+-----+--------+

Top non-repeatable levels by time:
     D:5: 1546 daAuts
     D:4: 1318 daAuts
     D:1: 1247 daAuts
     D:3: 767 daAuts
     D:2: 767 daAuts
  Temple: 331 daAuts
     D:6: 118 daAuts
